 Dungeon Crawl Stone Soup version 0.29.1-14-g9c671dbff4 (webtiles) character file.

Game seed: 5831656291561216326

51 virigoth the Chopper (level 3, -2/33 HPs)
             Began as a Minotaur Berserker on Feb 18, 2023.
             Was a Follower of Trog.
             Slain by Sigmund
             ... wielding a +4 scythe
              (4 damage)
             ... on level 2 of the Dungeon.
             The game lasted 00:03:05 (1662 turns).

virigoth the Chopper (Minotaur Berserker)           Turns: 1662, Time: 00:03:06

Health: -2/33      AC:  2    Str: 21    XL:     3   Next: 57%
Magic:  2/2        EV: 12    Int:  6    God:    Trog [*.....]
Gold:   97         SH:  0    Dex:  9    Spells: 2/2 levels left

rFire   . . .      SeeInvis .   a - +0 hand axe
rCold   . . .      Faith    .   (no shield)
rNeg    . . .      Spirit   .   b - +0 animal skin
rPois   .          Reflect  .   (helmet restricted)
rElec   .          Harm     .   (no cloak)
rCorr   .          Rampage  .   (no gloves)
Will    .....                   (no boots)
Stlth   +.........              (no amulet)
HPRegen 0.11/turn               (no ring)
MPRegen 0.08/turn               (no ring)

@: confused
A: horns 2, retaliatory headbutt
a: Renounce Religion, Berserk


You were on level 2 of the Dungeon.
You worshipped Trog.
Trog was aware of your devotion.
You visited 1 branch of the dungeon, and saw 2 of its levels.

You collected 97 gold pieces.

Inventory:

Hand Weapons
 a - a +0 hand axe (weapon)
Armour
 b - a +0 animal skin (worn)
 d - a +0 robe
Scrolls
 e - a scroll of identify {unknown}
 g - 2 scrolls of fear {unknown}
 h - 2 scrolls of noise {unknown}
 i - a scroll of acquirement {unknown}
 k - a scroll of teleportation {unknown}
 m - a scroll of enchant armour {unknown}
Potions
 c - a potion of ambrosia {unknown}
 f - a potion of cancellation {unknown}
 j - a potion of brilliance {unknown}
 l - a potion of lignification {unknown}
 n - 2 potions of curing {unknown}


   Skills:
 - Level 4.0 Fighting
 * Level 4.5 Axes
 + Level 3.2 Armour
 - Level 2.6 Dodging


You had 2 spell levels left.
You didn't know any spells.
Your spell library was empty.

Dungeon Overview and Level Annotations

Branches:
Dungeon (2/15)

Altars:

Annotations:
D:2 Sigmund


Innate Abilities, Weirdness & Mutations

You have a pair of horns on your head.
You reflexively headbutt those who attack you in melee.


Message History

You bump into the rock wall.
Sigmund points at you and mumbles some strange words.
You are more confused.
You are too confused!
You are too confused!
You are too confused!
You are too confused!
You are too confused!
You are too confused!
You are too confused!
You are too confused!
You are too confused!
You are too confused!
You are too confused!
A worm comes into view.
Sigmund completely misses you.
You are too confused!
You miss Sigmund.
Sigmund smiles chillingly.
Sigmund barely misses you.
You are too confused!
You are too confused!
You are too confused!
You are too confused!
Sigmund barely misses you.
You are too confused!
Sigmund hits you from afar with a +4 scythe!
You miss Sigmund. Your headbutt misses Sigmund. You hit the worm.
Sigmund is suddenly surrounded by pale red light.
Sigmund barely misses you.
You closely miss Sigmund. Your headbutt misses Sigmund. You hit the worm.
The worm completely misses you. Sigmund hits you with a +4 scythe.
You are too confused!
Sigmund hits you with a +4 scythe!
* * * LOW HITPOINT WARNING * * *
The worm bites you!
* * * LOW HITPOINT WARNING * * *
You closely miss Sigmund. You hit the worm but do no damage.
Sigmund hits you with a +4 scythe.
You die...

.......... .. #
.......?... .## # #
..........#######..#.# #
.....................# #
.....................# #
...........).........# #
.....................# #
##+#......##...##+##.# #
......@H.......##.# #
......w#.......##.######
.......+................
.......#..........######
.......#..........#
.......#.........)#
......!#..........#
.....#.#..........#
###........#


You could see Sigmund and a worm.

Vanquished Creatures
  2 adders (D:2)
  2 worms (D:2)
  3 endoplasms
  A giant cockroach (D:1)
  3 goblins
  4 hobgoblins
  3 jackals (D:2)
  2 quokkas (D:2)
  2 bats (D:2)
  A frilled lizard (D:1)
  2 rats
25 creatures vanquished.

Notes
Turn   | Place    | Note
-------+----------+-------------------------------------------
     0 | D:1      | virigoth the Minotaur Berserker began the quest for the
                  | Orb.
     0 | D:1      | Reached XP level 1. HP: 19/19 MP: 0/0
   566 | D:1      | Found a faded altar of an unknown god.
   635 | D:1      | Reached XP level 2. HP: 25/27 MP: 1/1
  1311 | D:2      | Reached XP level 3. HP: 30/33 MP: 2/2
  1634 | D:2      | Noticed Sigmund
  1661 | D:2      | HP: 2/33 [worm (11)]
  1662 | D:2      | Slain by Sigmund

Illustrated notes

Levels and vault maps discovered:
D:1:      nicolae_arrival_somewhat_less_tricky_arrival, layout_loops_ring,
          hellmonk_ecumenical_altar_crossroads
D:2:      minmay_wonky_spiral, layout_basic, uniq_sigmund

Skill      XL: |  1  2 |
---------------+-------+-----
Fighting       | 4 |  4.0
Axes           | 4 |  4.5
Armour         | 3 |  3.2
Dodging        | |  2.6

Action                   || total
-------------------------++-------
Melee: Hand axe          ||    62
       Headbutt          ||     7
Armor: Animal skin       ||    12
Dodge: Dodged            ||    42
